 Dungeon Crawl Stone Soup version 0.30-a0-718-geaa24f58ff (webtiles) character file.

Game seed: 3721215754092294811

1596 Newt the Trooper (level 8, -4/61 (64) HPs)
             Began as a Demonspawn Gladiator on Jan 25, 2023.
             Slain by a wight
             ... wielding a +7 great sword of freezing
              (15 damage)
             ... on level 6 of the Dungeon.
             The game lasted 00:06:24 (4894 turns).

Newt the Trooper (Demonspawn Gladiator)             Turns: 4894, Time: 00:06:24

HP:   -4/61 (64)    AC:  6    Str: 17    XL:     8   Next: 62%
MP:   8/8           EV: 14    Int:  9    God:
Gold: 275           SH:  4    Dex: 15    Spells: 7/7 levels left

rFire   . . .      SeeInvis .    s - +2 dagger (venom)
rCold   . . .      Faith    .    (no shield)
rNeg    . . .      Spirit   .    b - +0 leather armour
rPois   .          Reflect  .    (helmet restricted)
rElec   .          Harm     .    (no cloak)
rCorr   .          Rampage  .    h - +1 pair of gloves
Will    +....                    C - +0 pair of boots
Stlth   ++                       l - amulet of magic regeneration
HPRegen 0.30/turn                f - ring of willpower
MPRegen 0.51/turn                (no ring)

@: mighty, lightly drained
A: horns 2, large bone plates 1, powered by death 1, powered by pain 1
a: no special abilities


You were on level 6 of the Dungeon.
You visited 1 branch of the dungeon, and saw 6 of its levels.

You collected 275 gold pieces.

Inventory:

Hand Weapons
 a - a +1 heavy rapier
 s - a +2 dagger of venom (weapon)
 x - a +0 sling of freezing
 F - a +3 dagger
Missiles
 d - 2 throwing nets
 r - 5 boomerangs (quivered)
 w - a javelin
Armour
 b - a +0 leather armour (worn)
 c - a +0 helmet
 e - a +1 chain mail of cold resistance
 h - a +1 pair of gloves (worn)
 C - a +0 pair of boots (worn)
Jewellery
 f - a ring of willpower (left hand)
 g - an amulet of faith
 l - an amulet of magic regeneration (around neck)
Wands
 i - a wand of polymorph (15)
 y - a wand of digging (5)
 z - a wand of roots (8)
Scrolls
 k - 2 scrolls of brand weapon
 o - a scroll of magic mapping
 p - 3 scrolls of teleportation
 t - a scroll of blinking
 u - 2 scrolls of acquirement {unknown}
 B - a scroll of identify
 D - a scroll of enchant weapon
Potions
 j - 2 potions of curing
 m - a potion of brilliance
 n - a potion of resistance
 q - a potion of degeneration {unknown}
 v - 2 potions of attraction {unknown}
 A - a potion of haste {unknown}
 E - a potion of heal wounds {unknown}


   Skills:
 - Level 6.0 Fighting
 - Level 5.0 Short Blades
 - Level 1.7 Throwing
 - Level 4.0 Armour
 - Level 5.0 Dodging
 - Level 2.0 Stealth
 + Level 4.0 Evocations


You had 7 spell levels left.
You didn't know any spells.
Your spell library contained the following spells:

 Spells                   Type           Power      Damage    Failure   Level
 Dazzling Flash           Conj/Hex       0%         N/A       82%         3
 Ignite Poison            Fire/Tmut/Pois 0%         N/A       82%         3
 Iskenderun's Mystic Bla  Conj/Tloc      0%         2d3       99%         4
 Sticky Flame             Conj/Fire      0%         2d3       99%         4
 Starburst                Conj/Fire      0%         6d3       100%        6
 Ignition                 Fire           0%         3d3       100%        8


Dungeon Overview and Level Annotations

Branches:
Dungeon (6/15)
 Temple: D:4-7

Altars:


Innate Abilities, Weirdness & Mutations

You have a pair of horns on your head.
You are partially covered in large bone plates. (SH +4)
You regenerate a little health from kills.
You sometimes gain a little power by taking damage.


Message History

Throw: 5 boomerangs
Press: ? - help, Q - select action, (/) - cycle Shift-Dir - straight line, f/p - wight
Aim: a wight, wielding a +5 long sword and wearing a +0 robe (62% to hit)
You throw a boomerang.
The boomerang closely misses the wight. x2
Throw: 5 boomerangs
Press: ? - help, Q - select action, (/) - cycle Shift-Dir - straight line, f/p - wight
Aim: a wight, wielding a +5 long sword and wearing a +0 robe (62% to hit)
You throw a boomerang. The boomerang hits the wight.
The wight is moderately damaged.
You hit the wight but do no damage.
The wight is moderately damaged.
The wight completely misses you.
You hit the wight but do no damage.
The wight is moderately damaged.
You hit the wight but do no damage. Your punch misses the wight.
Throw: 3 javelins
Press: ? - help, Shift-Dir - straight line, f/p - wight
Aim: a wight, wielding a +5 long sword and wearing a +0 robe (moderately damaged, 62% to hit)
You throw a javelin. The javelin closely misses the wight.
The javelin pierces through the wight but does no damage.
The wight is moderately damaged.
The wight hits you with a +7 great sword of freezing!!
You focus on the pain.
You feel very mighty all of a sudden.
You feel drained. The wight freezes you.
Throw: 2 javelins
Press: ? - help, Shift-Dir - straight line, f/p - wight
Aim: a wight, wielding a +5 long sword and wearing a +0 robe (moderately damaged, 62% to hit)
You throw a javelin.
The javelin completely misses the wight.
The javelin pierces through the wight.
The wight is heavily damaged.
The wight hits you with a +7 great sword of freezing!!
* * * LOW HITPOINT WARNING * * *
The wight freezes you!
* * * LOW HITPOINT WARNING * * *
Okay, then.
The wight attacks as you move away!
The wight hits you with a +7 great sword of freezing!
You die...

###.....##..##
######...####.....#
....<..### #.>...#
.####### #.....#
#.....# #.....#
#.....# ###..##
##@# #z# #z# #.#
#.# #.# ... .z.
.....


You could see 3 wights.

Vanquished Creatures
  4 yaks (D:5)
  An ogre (D:3)
  3 black bears (D:4)
  A bullfrog (D:4)
  2 scorpions (D:5)
  A wight (D:6)
  A howler monkey (D:5)
  2 hounds
  2 jellies
  2 orc priests (D:5)
  An iguana (D:5)
  2 orc wizards (D:5)
  5 adders
  A shadow imp (D:5)
  A white imp (D:5)
  9 worms
  A dart slug (D:3)
  8 orcs
  3 bats
  5 endoplasms
  2 giant cockroaches
  8 goblins
  7 hobgoblins
  2 jackals (D:1)
  4 quokkas
  8 ball pythons
  5 frilled lizards
  11 kobolds
  6 rats
108 creatures vanquished.

Notes
Turn   | Place    | Note
-------+----------+-------------------------------------------
     0 | D:1      | Newt the Demonspawn Gladiator began the quest for the Orb.
     0 | D:1      | Reached XP level 1. HP: 16/16 MP: 1/1
    69 | D:1      | Reached skill level 1 in Stealth
   102 | D:1      | Gained mutation: You are partially covered in large bone
                  | plates. (SH +4) [demonic ancestry]
   102 | D:1      | Reached XP level 2. HP: 22/22 MP: 2/2
   616 | D:2      | Gained mutation: You sometimes gain a little power by
                  | taking damage. [demonic ancestry]
   616 | D:2      | Reached XP level 3. HP: 28/28 MP: 3/3
   677 | D:2      | Reached skill level 3 in Fighting
  1028 | D:2      | Gained mutation: You have a pair of small horns on your
                  | head. [demonic ancestry]
  1028 | D:2      | Reached XP level 4. HP: 37/37 MP: 4/4
  1224 | D:3      | Noticed an ogre
  1230 | D:3      | Killed an ogre
  1231 | D:3      | Reached skill level 4 in Fighting
  1231 | D:3      | Reached XP level 5. HP: 42/42 MP: 5/5
  1241 | D:3      | Found a faded altar of an unknown god.
  2011 | D:4      | Noticed a black bear
  2025 | D:4      | Killed a black bear
  2026 | D:4      | Reached skill level 5 in Short Blades
  2026 | D:4      | Reached XP level 6. HP: 33/48 MP: 6/6
  3076 | D:5      | Entered Level 5 of the Dungeon
  3081 | D:5      | Gained mutation: You have a pair of horns on your head.
                  | [demonic ancestry]
  3081 | D:5      | Reached XP level 7. HP: 53/54 MP: 7/7
  3193 | D:5      | Reached skill level 5 in Dodging
  3431 | D:5      | Reached skill level 5 in Fighting
  3725 | D:4      | Reached skill level 6 in Fighting
  3725 | D:4      | Reached skill level 1 in Armour
  4342 | D:5      | Gained mutation: You regenerate a little health from kills.
                  | [demonic ancestry]
  4342 | D:5      | Reached XP level 8. HP: 64/64 MP: 8/8
  4894 | D:6      | Slain by a wight

Illustrated notes

Levels and vault maps discovered:
D:1:      minmay_arrival_plants_in_alcoves, layout_rooms
D:2:      layout_basic
D:3:      layout_loops_ring, ebering_ecumenical_altar_petrified
D:4:      layout_gridville, minmay_door_square, nicolae_wormholes
D:5:      layout_rooms, minmay_tree_intersection, minivault_27
D:6:      layout_rooms, fedhas_altar_fruit_tree,
          mainiacjoe_overflow_large_starburst, kiku_gazebo_pond_becter,
          minmay_temple_entry_glassed_door

Skill      XL: |  1  2  3  4  5  6  7  8 |
---------------+-------------------------+-----
Stealth        | 1 2 |  2.0
Fighting       | 3 4 6 |  6.0
Short Blades   | 3 5 |  5.0
Dodging        | 3 4 5 |  5.0
Armour         | 1 4 |  4.0
Evocations     | 4 |  4.0
Throwing       | |  1.7

Action                     |  1- 3 |  4- 6 |  7- 9 || total
---------------------------+-------+-------+-------++-------
  Melee: Rapier            |   126 |    38 |       ||   164
         Headbutt          |       |    17 |    33 ||    50
         Dagger            |       |    43 |   126 ||   169
         Punch             |       |     3 |     3 ||     6
  Throw: Javelin           |       |     5 |     5 ||    10
         Throwing net      |       |     1 |     1 ||     2
         Boomerang         |       |       |     8 ||     8
    Use: Scroll            |     5 |     5 |       ||    10
         Potion            |       |     2 |       ||     2
   Stab: Sleeping          |     3 |     3 |       ||     6
         Held in net/web   |       |     1 |       ||     1
 Armour: Leather armour    |    34 |    23 |    24 ||    81
  Dodge: Dodged            |   102 |    43 |    61 ||   206
  Block: Other             |    21 |     9 |    19 ||    49

Table legend: (Time is in decaauts)
 A = Elapsed time spent in this place.
 B = Non-inter-level travel time spent in this place.
 C = Inter-level travel time spent in this place.
 D = Time resting spent in this place.
 E = Time spent auto-exploring this place.
 F = Levels seen in this place.
 G = Mean time per level.
                   A        B        C        D        E       F      G
               +--------+--------+--------+--------+--------+-----+--------+
         Total |   4919 |   4722 |    197 |   1645 |   2210 |   6 |  819.8 |
       Dungeon |   4919 |   4722 |    197 |   1645 |   2210 |   6 |  819.8 |
               +--------+--------+--------+--------+--------+-----+--------+

Top non-repeatable levels by time:
     D:4: 1582 daAuts
     D:5: 1397 daAuts
     D:3: 738 daAuts
     D:2: 611 daAuts
     D:1: 533 daAuts
     D:6: 56 daAuts
